Map: Blackpink LE

Players

AxImpact (Impact) - Winner!

  • Race: Zerg Zerg
  • League: Diamond
  • Spawn Location: 1:00

Optimus

  • Race: Terran Terran
  • League: Grandmaster
  • Spawn Location: 7:00

Event: HomeStory Cup XVI

VOD

Have the link to the VOD?

Description

Time

  • Played on: Nov. 10, 2017, 6:43 a.m.
  • Length: 6:08

All games in this series

Show
View Real Time Build Order
Export as new Build Order

AxImpact Zerg - Winner!

Build Orders: Hatch First 

Get SALT Encoding   

  12  0:00  Drone  
  13  0:12  Overlord  
  13  0:16  Drone  
  14  0:30  Drone x2  
  14  0:35  Drone  
  17  0:52  Hatchery  
  17  0:55  Drone  
  17  0:59  Drone  
  18  1:09  Extractor  
  17  1:13  Spawning Pool  
  17  1:17  Drone  
  17  1:20  Drone  
  18  1:29  Drone  
  19  1:40  Overlord  
  19  1:50  Drone  
  20  2:00  Queen  
  20  2:01  Zergling x2  
  23  2:03  Queen  
  23  2:04  Zergling x2  
  26  2:09  Metabolic Boost  
  26  2:11  Drone  
  26  2:15  Drone  
  28  2:22  Drone  
  29  2:25  Drone  
  30  2:32  Drone  
  30  2:36  Queen  
  33  2:42  Overlord  
  33  2:45  Drone  
  33  2:47  Pneumatized Carapace  
  33  2:49  Drone  
  35  2:55  Drone  
  36  3:03  Drone  
  37  3:08  Drone x3  
  37  3:09  Drone  
  37  3:11  Zergling x6  
  44  3:37  Overlord, Hatchery  
  44  3:38  Drone  
  44  3:44  Roach Warren  
  43  3:50  Overlord, Drone  
  43  3:55  Drone x3  
  46  3:56  Drone x3  
  46  3:57  Drone x2  
  50  4:03  Extractor  
  50  4:04  Extractor, Overlord  
  47  4:10  Overlord  
  47  4:13  Zergling x2  
  46  4:18  Zergling x6  
  46  4:19  Zergling x4  
  51  4:25  Roach x3  
  57  4:33  Roach  
  57  4:36  Roach  
  61  4:44  Roach  
  63  4:46  Roach  
  63  4:50  Roach x3  
  63  4:51  Roach  
  73  4:53  Roach x2  
  73  4:54  Roach  
  73  4:57  Overlord  
  73  4:58  Overlord  
  79  5:06  Ravager  
  79  5:07  Ravager  
  80  5:13  Zergling x4  
  82  5:17  Zergling x2  
  82  5:18  Zergling x4  
  82  5:20  Ravager x2  
  87  5:22  Zergling x4  
  87  5:23  Overlord  
  87  5:25  Zergling x4  
  87  5:26  Ravager  
  92  5:29  Zergling x2  
  92  5:32  Zergling x8  
  96  5:36  Ravager  
  96  5:40  Overlord  
  97  5:45  Overlord  
  97  5:49  Ravager  
Show
View Real Time Build Order
Export as new Build Order

Optimus Terran 

Build Orders: Gas First Reaper Expand, Reaper Expand 

Get SALT Encoding   

  12  0:00  SCV  
  13  0:12  SCV  
  14  0:17  Supply Depot  
  14  0:24  SCV  
  15  0:29  Refinery  
  15  0:38  SCV  
  16  0:44  Barracks  
  16  0:51  SCV  
  17  1:03  SCV  
  18  1:15  SCV  
  19  1:32  Reaper, Orbital Command  
  20  1:42  Command Center  
  20  1:54  Factory  
  20  1:58  SCV  
  21  2:06  Supply Depot  
  21  2:09  Barracks Reactor  
  21  2:12  SCV  
  22  2:17  Refinery  
  22  2:24  SCV  
  23  2:37  SCV  
  24  2:39  Hellion  
  26  2:44  Starport  
  26  2:46  Marine x2  
  28  2:52  SCV  
  28  2:58  Orbital Command  
  29  3:04  SCV  
  30  3:06  Marine x2  
  32  3:14  Cyclone  
  32  3:16  SCV  
  36  3:22  Medivac  
  36  3:25  SCV  
  39  3:28  Marine x2  
  41  3:34  SCV  
  42  3:46  SCV  
  43  3:51  Supply Depot  
  43  3:53  Hellion x2  
  46  4:00  Liberator  
  46  4:07  Supply Depot  
  46  4:12  SCV x2  
  46  4:17  Hellion x2  
  50  4:21  Armory  
  53  4:24  SCV  
  53  4:28  Barracks Tech Lab  
  53  4:29  SCV  
  55  4:36  SCV  
  55  4:38  Hellion x2  
  60  4:41  SCV  
  61  4:48  SCV  
  62  4:53  Command Center  
  62  5:01  Liberator  
  62  5:02  Supply Depot x2  
  62  5:08  SCV  
  62  5:11  SCV  
  61  5:18  Siege Tank  
  61  5:20  SCV  
  68  5:23  SCV, Bunker  
  68  5:28  Factory  
  69  5:32  SCV  
  69  5:34  Supply Depot  
  70  5:35  SCV  
  70  5:42  Supply Depot  
  70  5:44  SCV  
  70  5:48  SCV  
  69  5:52  Supply Depot x2  
Tags
 
Add a new tag
Caveats
  • Supply blocks, unpowered buildings, or Contaminate may cause inaccurate times.
  • Supply counts are checked every 10 seconds.